 Dungeon Crawl Stone Soup version 0.28-a0-239-g68911e0c57 (webtiles) character file.

Game seed: 9121306171857218507

572 siradein the Slasher (level 7, -4/52 HPs)
             Began as a Demonspawn Berserker on Aug 24, 2021.
             Was a Priest of Trog.
             Slain by a phantom (8 damage)
             ... on level 5 of the Dungeon.
             The game lasted 00:07:24 (5225 turns).

siradein the Slasher (Demonspawn Berserker)         Turns: 5225, Time: 00:07:25

Health: -4/52      AC:  5    Str: 20    XL:     7   Next: 12%
Magic:  7/7        EV: 11    Int: 10    God:    Trog [***...]
Gold:   188        SH:  0    Dex: 12    Spells: 6/6 levels left

rFire   + . .      SeeInvis .   a - +0 falchion
rCold   + . .      Faith    .   (no shield)
rNeg    . . .      Spirit   .   l - +1 leather armour {Will+}
rPois   .          Reflect  .   (helmet restricted)
rElec   .          Harm     .   (no cloak)
rCorr   .          Rampage  .   k - +0 pair of gloves
Will    +....                   (no boots)
Stlth   +.........              (no amulet)
HPRegen 0.17/turn               p - ring of protection from fire
MPRegen 0.10/turn               x - ring of protection from cold

@: on berserk cooldown, slowed, very slow
A: horns 1, powered by death 2, big brain 1
a: Renounce Religion, Berserk, Trog's Hand


You were on level 5 of the Dungeon.
You worshipped Trog.
Trog was most pleased with you.
You visited 1 branch of the dungeon, and saw 5 of its levels.

You collected 188 gold pieces.

Inventory:

Hand Weapons
 a - a +0 falchion (weapon)
Missiles
 f - 3 javelins
 v - 34 poisoned darts (quivered)
Armour
 k - a +0 pair of gloves (worn)
 l - a +1 leather armour of willpower (worn)
Jewellery
 p - a ring of protection from fire (left hand)
 t - a ring of protection from fire
 x - a ring of protection from cold (right hand)
Wands
 w - a wand of polymorph (11)
Scrolls
 c - a scroll of silence {unknown}
 g - 3 scrolls of identify {unknown}
 h - 3 scrolls of summoning {unknown}
 i - a scroll of fog {unknown}
 j - a scroll of immolation {unknown}
 m - a scroll of enchant armour {unknown}
 q - a scroll of magic mapping {unknown}
 u - a scroll of brand weapon {unknown}
Potions
 b - a potion of experience {unknown}
 d - a potion of flight {unknown}
 e - a potion of berserk rage {unknown}
 n - a potion of invisibility {unknown}
 o - a potion of heal wounds {unknown}
 r - 2 potions of haste {unknown}
 s - 2 potions of curing {unknown}


   Skills:
 - Level 3.0 Fighting
 + Level 7.5 Long Blades
 - Level 1.7 Armour
 - Level 1.7 Dodging


You had 6 spell levels left.
You didn't know any spells.
Your spell library was empty.

Dungeon Overview and Level Annotations

Branches:
Dungeon (5/15)
 Temple: D:4-7

Altars:
Vehumet

Annotations:
D:5 Grinder


Innate Abilities, Weirdness & Mutations

You have a pair of small horns on your head.
You regenerate health from kills.
You have an unusually large brain. (Int +2)


Message History

Grinder is lightly wounded.
Grinder misses you.
You riposte.
You hit Grinder. Your headbutt misses Grinder.
Grinder is lightly wounded.
You barely miss Grinder.
Grinder is lightly wounded.
The phantom misses you.
You riposte.
You barely miss the phantom. Grinder hits you but does no damage.
You barely miss Grinder. You headbutt Grinder!
Grinder is moderately wounded.
The phantom barely misses you.
You riposte.
You hit the phantom. You headbutt the phantom.
The phantom is moderately damaged.
Grinder hits you.
You writhe in agony.
The phantom closely misses you. The phantom barely misses you.
Grinder barely misses you.
You feel the effects of Trog's Hand fading.
The phantom barely misses you. The phantom hits you. Grinder hits you.
The phantom hits you.
The phantom blinks!
You blink.
Your skin stops crawling.
You feel less strong-willed. Grinder hits you but does no damage.
The phantom hits you!
The phantom blinks!
You blink.
Grinder hits you but does no damage. The phantom hits you. Grinder hits you!
You writhe in agony.
The phantom hits you but does no damage.
Grinder hits you.
You writhe in agony.
Grinder misses you. The phantom hits you!
* * * LOW HITPOINT WARNING * * *
Grinder hits you but does no damage. The phantom hits you!
* * * LOW HITPOINT WARNING * * *
The phantom blinks!
You blink.
Grinder gestures at you. You resist with almost no effort.
The phantom hits you.
* * * LOW HITPOINT WARNING * * *
The phantom blinks!
You blink.
The phantom closely misses you.
Found 15 gold pieces.
The phantom hits you!
You die...

##.... #....# .####....#
...#.....# #........#
##.......##
#.........######
........@...$..#
.......W###...##
....##..## ##.#
.##....<.###...
#...##.#.... ##.# ......#
#.....#....### .......
#.....##### ...
........##.5.....#.##....


You could see a phantom.

Vanquished Creatures
  A black bear (D:4)
  An ogre (D:4)
  Blork the orc (D:4)
  A scorpion (D:4)
  A hound (D:4)
  An orc priest (D:3)
  An iguana (D:4)
  An orc wizard (D:4)
  4 adders
  An ufetubus (D:2)
  2 worms (D:2)
  3 dart slugs
  14 orcs
  8 endoplasms
  2 giant cockroaches
  7 hobgoblins
  5 jackals
  3 quokkas
  11 ball pythons
  9 bats
  4 frilled lizards
  5 goblins
  6 kobolds
  A quokka skeleton (D:4)
  8 rats
101 creatures vanquished.

Notes
Turn   | Place    | Note
-------+----------+-------------------------------------------
     0 | D:1      | siradein the Demonspawn Berserker began the quest for the
                  | Orb.
     0 | D:1      | Reached XP level 1. HP: 18/18 MP: 1/1
   255 | D:1      | Reached skill level 3 in Long Blades
   264 | D:1      | Gained mutation: You regenerate a little health from kills.
                  | [demonic ancestry]
   264 | D:1      | Reached XP level 2. HP: 16/24 MP: 2/2
   859 | D:1      | Reached ** piety under Trog
  1275 | D:2      | Reached XP level 3. HP: 25/29 MP: 3/3
  1594 | D:2      | Reached skill level 4 in Long Blades
  2071 | D:2      | Reached XP level 4. HP: 17/35 MP: 4/4
  3123 | D:3      | Reached skill level 5 in Long Blades
  3439 | D:3      | Gained mutation: You regenerate health from kills. [demonic
                  | ancestry]
  3439 | D:3      | Reached XP level 5. HP: 41/41 MP: 5/5
  3607 | D:3      | Found a radiant altar of Vehumet.
  3786 | D:4      | Reached *** piety under Trog
  3902 | D:4      | Noticed an ogre
  3906 | D:4      | Killed an ogre
  3907 | D:4      | Reached skill level 6 in Long Blades
  4026 | D:4      | Noticed a black bear
  4035 | D:4      | Killed a black bear
  4036 | D:4      | Gained mutation: You have an unusually large brain. (Int
                  | +2) [demonic ancestry]
  4036 | D:4      | Reached XP level 6. HP: 47/47 MP: 6/6
  4422 | D:4      | Reached skill level 7 in Long Blades
  4605 | D:4      | Noticed Blork the orc
  4619 | D:4      | Killed Blork the orc
  4620 | D:4      | Gained mutation: You have a pair of small horns on your
                  | head. [demonic ancestry]
  4620 | D:4      | Reached XP level 7. HP: 32/52 MP: 7/7
  5198 | D:5      | Entered Level 5 of the Dungeon
  5198 | D:5      | Noticed Grinder
  5225 | D:5      | Slain by a phantom

Illustrated notes

Levels and vault maps discovered:
D:1:      tarquinn_simple_flora_water_a, layout_basic
D:2:      wad_river_or_something, layout_loops_cross
D:3:      layout_rooms, nicolae_overflow_hidden_temple
D:4:      layout_gridville, kennysheep_nub, st_stairs_4, grunt_ministairs_2,
          uniq_blork_the_orc
D:5:      minmay_octagon_keep, layout_cave_pools,
          mainiacjoe_overflow_surrounded_room, cheibriados_altar_1,
          uniq_eustachio, uniq_grinder

Skill      XL: |  1  2  3  4  5  6 |
---------------+-------------------+-----
Long Blades    | 3 4 5 6 7 |  7.5
Fighting       | |  3.0
Armour         | |  1.7
Dodging        | |  1.7

Action                   |  1- 3 |  4- 6 |  7- 9 || total
-------------------------+-------+-------+-------++-------
Melee: Falchion          |   118 |   159 |    12 ||   289
       Headbutt          |       |       |     5 ||     5
Throw: Dart              |       |     2 |     1 ||     3
Invok: Berserk           |     2 |     5 |     1 ||     8
       Trog's Hand       |       |     1 |     1 ||     2
 Stab: Sleeping          |     1 |     2 |       ||     3
Armor: Animal skin       |     6 |       |       ||     6
       Leather armour    |    31 |    53 |     9 ||    93
Dodge: Dodged            |    77 |    90 |    13 ||   180
       Rpst.: Falchion   |    23 |    33 |     6 ||    62

Table legend: (Time is in decaauts)
 A = Elapsed time spent in this place.
 B = Non-inter-level travel time spent in this place.
 C = Inter-level travel time spent in this place.
 D = Time resting spent in this place.
 E = Time spent auto-exploring this place.
 F = Levels seen in this place.
 G = Mean time per level.
                   A        B        C        D        E       F      G
               +--------+--------+--------+--------+--------+-----+--------+
         Total |   5323 |   5210 |    113 |    516 |   3916 |   5 | 1064.6 |
       Dungeon |   5323 |   5210 |    113 |    516 |   3916 |   5 | 1064.6 |
               +--------+--------+--------+--------+--------+-----+--------+

Top non-repeatable levels by time:
     D:2: 2073 daAuts
     D:4: 1471 daAuts
     D:1: 1275 daAuts
     D:3: 469 daAuts
     D:5: 33 daAuts
